 Dungeon Crawl Stone Soup version 0.30-a0-170-g85af917532 (webtiles) character file.

Game seed: 3800818763006525156

7212 qw the Cleaver (level 11, -5/68 HPs)
             Began as a Gargoyle Fighter on Sept 30, 2022.
             Was an Elder of Okawaru.
             Slain by a juggernaut zombie (40 damage)
             ... on level 2 of the Abyss.
             The game lasted 00:02:41 (8674 turns).

qw the Cleaver (Gargoyle Fighter)                   Turns: 8674, Time: 00:02:42

Health: -5/68      AC: 29    Str: 23    XL:     11   Next: 11%
Magic:  15/15      EV:  8    Int: 12    God:    Okawaru [****..]
Gold:   541        SH: 15    Dex:  9    Spells: 10/10 levels left

rFire   . . .      SeeInvis .    Y - +4 broad axe (vorpal)
rCold   . . .      Faith    .    i - +3 kite shield of Zep Dus {Int+2}
rNeg    + + .      Spirit   .    p - +0 plate armour
rPois   inf        Reflect  .    a - +1 helmet
rElec   +          Harm     .    (no cloak)
rCorr   .          Rampage  .    (no gloves)
Will    .....                    (no boots)
Stlth   ..........               (no amulet)
HPRegen 0.21/turn                l - ring of positive energy
MPRegen 0.14/turn                r - +4 ring of protection

@: heroic
A: sickness immunity, AC +8, negative energy resistance 1, electricity
resistance, torment resistance 1, petrification resistance
a: Renounce Religion, Heroism, Finesse


You were on level 2 of the Abyss.
You worshipped Okawaru.
Okawaru was greatly pleased with you.
You visited 2 branches of the dungeon, and saw 10 of its levels.
You visited the Abyss 1 time.

You collected 563 gold pieces.
You spent 22 gold pieces at shops.


Innate Abilities, Weirdness & Mutations

You are immune to sickness and miasma.
Your stone body is resilient. (AC +8)
You are immune to poison.
You resist negative energy. (rN+)
You are resistant to electric shocks. (rElec)
You are resistant to unholy torment.
You are immune to petrification.


   Skills:
 - Level 7.7(12.7) Fighting
 + Level 9.6(14.6) Axes
 - Level 3.0(8.0) Throwing
 - Level 6.3(11.3) Armour
 - Level 1.7(6.7) Dodging
 - Level 9.1(14.1) Shields
 + Level 6.3 Invocations


You had 10 spell levels left.
You didn't know any spells.
Your spell library was empty.

Inventory:

Hand Weapons
 e - a +0 demon whip of venom
 Y - a +4 vorpal broad axe (weapon)
Missiles
 f - 12 javelins
 k - a silver javelin (quivered)
 n - 5 boomerangs
Armour
 a - a +1 helmet (worn)
 i - the +3 kite shield of Zep Dus (worn) {Int+2}
   (You found it on level 2 of the Dungeon)

   Int:       It affects your intelligence (+2).
 p - a +0 plate armour (worn)
Jewellery
 l - a ring of positive energy (left hand)
 r - a +4 ring of protection (right hand)
Scrolls
 b - a scroll of teleportation
 g - 3 scrolls of identify
Potions
 c - 3 potions of resistance
 d - 3 potions of might
 h - a potion of mutation
 j - a potion of attraction {unknown}
 m - a potion of lignification
 o - 3 potions of curing
 s - a potion of haste
 u - 2 potions of heal wounds {unknown}

Dungeon Overview and Level Annotations

Branches:
Dungeon (9/15)             Temple (1/1) D:5
   Lair: D:8-11         Orc: D:9-12

Altars:
Ashenzari
Dithmenos
Elyvilon
Fedhas
Gozag
Hepliaklqana
Kikubaaqudgha
Makhleb
Nemelex Xobeh
Okawaru
Qazlal
Ru
Sif Muna
Trog
Uskayaw
Vehumet
Xom
Yredelemnul
Zin
The Shining One

Shops:
D:1 (:=   D:2 *[*=*   D:3 :[

Annotations:
D:4 2 runed translucent doors, qw's ghost, novice GrFi
D:9 Erolcha


Message History

You hit the starcursed mass.
The starcursed mass shudders and is absorbed by its neighbour.
The starcursed mass touches you. A chorus of shrieks assaults your mind.
You slice the starcursed mass!!
The starcursed mass is severely damaged.
The starcursed mass shudders and withdraws towards its neighbour.
You hit the starcursed mass but do no damage.
The starcursed mass is severely damaged.
A starcursed mass splits.
You slash the starcursed mass!
The starcursed mass is almost destroyed.
The starcursed mass shudders and is absorbed by its neighbour.
A starcursed mass splits.
You slash the starcursed mass!
You destroy the starcursed mass!
Okawaru accepts your kill.
You hit the starcursed mass.
The starcursed mass is almost destroyed.
You hit the starcursed mass but do no damage.
The starcursed mass shudders and is absorbed by its neighbour.
A starcursed mass splits.
You slash the starcursed mass!
You destroy the starcursed mass!
Okawaru accepts your kill.
A starcursed mass splits.
Your Invocations skill increases to level 6!
You hit the starcursed mass.
You destroy the starcursed mass!
Okawaru accepts your kill.
You slash the starcursed mass!
You destroy the starcursed mass!
Okawaru accepts your kill.
A wretched star comes into view.
The wretched star moves out of view.
A juggernaut zombie comes into view.
8673 ||| Stepping ~*~*~tactically~*~*~ (hiding).
The juggernaut zombie hits you!!!
Ouch! That really hurt!
You die...

# . ### .# ..
# ..# .. ..#
#..# #. ## ..
..###.##.##.#
..#.#..#.*#
### # #.#.@Z#
....
...#.###.# .
. #. ###.# #
#. .### .#.#
#.## . ....##
.. #. #.# ##.
.# ##..
#.#.#. .....
.###..##
..#.. .


You could see a wretched star and a juggernaut zombie.

Vanquished Creatures
  2 two-headed ogres
  Amaemon (D:9)
  Pikel (D:8)
  A worldbinder (Abyss:2)
  A smoke demon (Abyss:2)
  An orange demon (D:9)
  A troll (D:9)
  Prince Ribbit (D:9)
  Grinder (D:5)
  A wyvern (D:9)
  A steam dragon (D:8)
  2 water moccasins
  A small abomination (Abyss:2)
  An ice beast (D:5)
  2 orc warriors
  A sky beast (D:8)
  3 ogres
  2 centaurs
  4 lemures (D:8)
  2 kobold brigands
  A phantom (D:5)
  2 bullfrogs
  A necrophage (D:4)
  7 scorpions
  3 killer bees (D:8)
  4 starcursed masses (Abyss:2)
  An orc priest (D:6)
  3 hounds
  5 iguanas
  2 orc wizards
  7 adders
  2 shadow imps (D:5)
  2 white imps
  An ufetubus (D:5)
  2 worms
  A dart slug (D:1)
  21 orcs
  2 bats (D:1)
  6 endoplasms
  5 giant cockroaches
  6 goblins (D:1)
  7 hobgoblins
  7 jackals
  12 kobolds
  5 quokkas
  6 ball pythons
  5 frilled lizards
  4 rats
160 creatures vanquished.

Notes
Turn   | Place    | Note
-------+----------+-------------------------------------------
     0 | D:1      | qw the Gargoyle Fighter began the quest for the Orb.
     0 | D:1      | Reached XP level 1. HP: 14/14 MP: 1/1
     0 | D:1      | 0 ||| qw: Version: 0.2-a-13-gfc7b4b4
     0 | D:1      | 0 ||| qw: Game counter: 1677
     0 | D:1      | 0 ||| qw: Always use a shield: true
     0 | D:1      | 0 ||| qw: God list: Okawaru
     0 | D:1      | 0 ||| qw: Allow faded altars: false
     0 | D:1      | 0 ||| qw: Do Orc after D:15 true
     0 | D:1      | 0 ||| qw: Do second Lair branch before Depths: true
     0 | D:1      | 0 ||| qw: Lair rune preference: random
     0 | D:1      | 0 ||| qw: Plans: Normal, Zot:1-4, God:TSO, Crypt, Tomb,
                  | Pan, Slime:5, Hells, Abyss, Orb
     0 | D:1      | 0 ||| PLANNING D:1-11
   116 | D:1      | Reached XP level 2. HP: 19/19 MP: 2/2
   234 | D:1      | Found Pikai's Jewellery Emporium.
   236 | D:1      | 236 ||| Stepping ~*~*~tactically~*~*~ (stealth).
   244 | D:1      | 244 ||| SHOPLISTING +4 ring of protection (468 gold, have
                  | 10).
   244 | D:1      | 244 ||| SHOPLISTING +6 ring of dexterity (468 gold, have
                  | 10).
   244 | D:1      | 244 ||| SHOPLISTING amulet of guardian spirit (390 gold,
                  | have 10).
   244 | D:1      | 244 ||| SHOPLISTING amulet of reflection (390 gold, have
                  | 10).
   244 | D:1      | 244 ||| SHOPLISTING ring of protection from cold (325 gold,
                  | have 10).
   244 | D:1      | 244 ||| SHOPLISTING ring of see invisible (195 gold, have
                  | 10).
   244 | D:1      | 244 ||| SHOPLISTING ring of willpower (325 gold, have 10).
   501 | D:1      | Found Oneug's Book Emporium.
   593 | D:1      | 593 ||| Stepping ~*~*~tactically~*~*~ (stealth).
   595 | D:1      | 595 ||| Stepping ~*~*~tactically~*~*~ (stealth).
   632 | D:1      | Reached skill level 3 in Axes
   697 | D:1      | Reached XP level 3. HP: 23/23 MP: 3/3
   749 | D:1      | Found a faded altar of an unknown god.
   810 | D:1      | Found Ekefuvux's Weapon Boutique.
   816 | D:1      | 816 ||| SHOPLISTING +0 whip (35 gold, have 19).
   816 | D:1      | 816 ||| SHOPLISTING +3 morningstar "Dopef" {drain, SInv}
                  | (467 gold, have 19).
  1224 | D:1      | 1224 ||| READING scroll labelled WAIFO HAEMAAJE.
  1325 | D:1      | 1325 ||| READING scroll labelled VATIKL MIKA.
  1326 | D:1      | 1326 ||| DRINKING 3 fuming dark potions.
  1327 | D:1      | 1327 ||| DROPPING 2 potions of flight.
  1373 | D:2      | Found Teysotol's General Store.
  1385 | D:2      | 1385 ||| SHOPLISTING potion of curing (33 gold, have 28).
  1385 | D:2      | 1385 ||| BUYING scroll of identify (22 gold).
  1385 | D:2      | Bought a scroll of identify for 22 gold pieces
  1387 | D:2      | 1387 ||| Stepping ~*~*~tactically~*~*~ (stealth).
  1422 | D:2      | Identified the +2 hand axe of Isodyj {drain, *Rage Will+
                  | Str+2 Int+3}
  1424 | D:2      | 1424 ||| DROPPING +2 hand axe of Isodyj {drain, *Rage Will+
                  | Str+2 Int+3}.
  1437 | D:2      | 1437 ||| DROPPING +0 club.
  1492 | D:2      | Found Xamopt Keorr's Antique Armour Emporium.
  1496 | D:2      | Identified the +3 kite shield of Zep Dus {Int+2}
  1501 | D:2      | 1501 ||| SHOPLISTING chain mail (121 gold, have 13).
  1501 | D:2      | 1501 ||| SHOPLISTING glowing leather armour (135 gold, have
                  | 13).
  1501 | D:2      | 1501 ||| SHOPLISTING glowing scale mail (189 gold, have
                  | 13).
  1501 | D:2      | 1501 ||| SHOPLISTING pair of steaming boots (256 gold, have
                  | 13).
  1501 | D:2      | 1501 ||| SHOPLISTING runed ring mail (189 gold, have 13).
  1504 | D:2      | Found Umuhul's General Store.
  1512 | D:2      | 1512 ||| SHOPLISTING +2 pair of gloves (181 gold, have 13).
  1512 | D:2      | 1512 ||| SHOPLISTING potion of curing (33 gold, have 13).
  1638 | D:2      | Found Amachygy's Jewellery Shop.
  1649 | D:2      | 1649 ||| SHOPLISTING +4 ring of protection (504 gold, have
                  | 39).
  1649 | D:2      | 1649 ||| SHOPLISTING +6 ring of dexterity (504 gold, have
                  | 39).
  1649 | D:2      | 1649 ||| SHOPLISTING amulet of guardian spirit (420 gold,
                  | have 39).
  1649 | D:2      | 1649 ||| SHOPLISTING amulet of reflection (420 gold, have
                  | 39).
  1649 | D:2      | 1649 ||| SHOPLISTING amulet of the acrobat (420 gold, have
                  | 39).
  1649 | D:2      | 1649 ||| SHOPLISTING ring "Saehem" {rC+ Will+} (546 gold,
                  | have 39).
  1649 | D:2      | 1649 ||| SHOPLISTING ring "Sitzeps" {Fire *Corrode *Slow
                  | rElec Dex+9} (653 gold, have 39).
  1649 | D:2      | 1649 ||| SHOPLISTING ring of see invisible (210 gold, have
                  | 39).
  1679 | D:2      | Found Nori's General Store.
  1683 | D:2      | 1683 ||| SHOPLISTING amulet of guardian spirit (360 gold,
                  | have 39).
  1736 | D:2      | Reached XP level 4. HP: 28/28 MP: 4/4
  1928 | D:2      | 1928 ||| UPGRADING to +3 kite shield of Zep Dus {Int+2}.
  1938 | D:2      | 1938 ||| DROPPING +0 buckler.
  1939 | D:2      | 1939 ||| DROPPING amulet of faith.
  1940 | D:2      | 1940 ||| UPGRADING to ring of positive energy.
  1941 | D:2      | 1941 ||| READING scroll labelled OZUHIM LEREECK.
  1942 | D:2      | 1942 ||| READING scroll labelled XIUSCH FOHERR.
  1943 | D:2      | 1943 ||| READING scroll labelled CUZAIL SIGUA.
  1947 | D:2      | 1947 ||| READING scroll labelled WUG YLUIWKU.
  2110 | D:3      | Found Gomn's Armour Shop.
  2116 | D:3      | 2116 ||| SHOPLISTING +0 chain mail of Indomitability
                  | {Str+8} (396 gold, have 39).
  2116 | D:3      | 2116 ||| SHOPLISTING +4 scale mail of fire resistance (434
                  | gold, have 39).
  2116 | D:3      | 2116 ||| SHOPLISTING scarf of repulsion (168 gold, have
                  | 39).
  2171 | D:3      | Found Papror Nure's Book Boutique.
  2264 | D:3      | Noticed a scorpion
  2276 | D:3      | Killed a scorpion
  2277 | D:3      | Reached XP level 5. HP: 26/32 MP: 5/5
  2329 | D:3      | 2329 ||| Stepping ~*~*~tactically~*~*~ (stealth).
  2537 | D:3      | 2537 ||| UPGRADING to +1 helmet.
  2542 | D:3      | 2542 ||| READING scroll labelled LIEKOV BUFA.
  2697 | D:4      | 2697 ||| Stepping ~*~*~tactically~*~*~ (stealth).
  2740 | D:4      | 2740 ||| Stepping ~*~*~tactically~*~*~ (stealth).
  2741 | D:4      | 2741 ||| Stepping ~*~*~tactically~*~*~ (stealth).
  2990 | D:4      | Reached XP level 6. HP: 26/37 MP: 6/6
  2990 | D:4      | 2990 ||| FLEEEEING.
  3000 | D:4      | HP: 6/37 [iguana (10)]
  3350 | D:4      | Found a runed translucent door.
  3384 | D:4      | Found a runed translucent door.
  3390 | D:4      | Noticed qw's ghost (novice GrFi)
  3553 | D:4      | 3553 ||| READING scroll labelled XEEDAH GAMEATT.
  3553 | D:4      | Identified a scroll of acquirement
  3553 | D:4      | 3553 ||| ACQUIRING +3 vorpal broad axe
  3553 | D:4      | Acquired a +3 vorpal broad axe
  3555 | D:4      | 3555 ||| SWAPPING to +3 vorpal broad axe.
  3556 | D:4      | 3556 ||| DROPPING +1 war axe.
  3557 | D:4      | 3557 ||| DRINKING 2 lumpy sapphire potions.
  3558 | D:4      | 3558 ||| DRINKING 2 white potions.
  3559 | D:4      | 3559 ||| DROPPING potion of magic.
  3566 | D:5      | Entered Level 5 of the Dungeon
  3570 | D:5      | 3570 ||| STAIRDANCE
  3583 | D:5      | 3583 ||| STAIRDANCE
  3672 | D:5      | 3672 ||| Stepping ~*~*~tactically~*~*~ (hiding).
  3673 | D:5      | 3673 ||| Stepping ~*~*~tactically~*~*~ (hiding).
  3843 | D:5      | 3843 ||| Stepping ~*~*~tactically~*~*~ (stealth).
  3854 | D:5      | 3854 ||| Stepping ~*~*~tactically~*~*~ (stealth).
  3857 | D:5      | 3857 ||| Stepping ~*~*~tactically~*~*~ (stealth).
  4010 | D:5      | Reached skill level 1 in Dodging
  4010 | D:5      | Reached XP level 7. HP: 43/43 MP: 7/7
  4010 | D:5      | Found a staircase to the Ecumenical Temple.
  4011 | D:5      | 4011 ||| PLANNING TEMPLE
  4011 | D:5      | 4011 ||| UPGRADING to +0 chain mail.
  4021 | D:5      | 4021 ||| DROPPING +0 scale mail.
  4022 | D:5      | 4022 ||| UPGRADING to +4 ring of protection.
  4023 | D:5      | 4023 ||| READING scroll labelled DOUPHIO DANI.
  4024 | D:5      | 4024 ||| READING scroll labelled LYGAUV QIUSOOL.
  4025 | D:5      | 4025 ||| READING 2 scrolls of identify.
  4025 | D:5      | 4025 ||| IDENTIFYING pink potion
  4034 | Temple   | Entered the Ecumenical Temple
  4042 | Temple   | 4042 ||| PLANNING OKAWARU WORSHIP
  4222 | Temple   | Became a worshipper of Warmaster Okawaru
  4223 | Temple   | 4223 ||| PLANNING D:1-11
  4361 | D:5      | Noticed Grinder
  4362 | D:5      | 4362 ||| Stepping ~*~*~tactically~*~*~ (stealth).
  4370 | D:5      | Paralysed by Grinder for 3 turns
  4376 | D:5      | Killed Grinder
  4376 | D:5      | Reached * piety under Okawaru
  4377 | D:5      | Reached skill level 6 in Axes
  4435 | D:5      | 4435 ||| Stepping ~*~*~tactically~*~*~ (stealth).
  4481 | D:5      | 4481 ||| Stepping ~*~*~tactically~*~*~ (stealth).
  4505 | D:5      | Reached skill level 6 in Shields
  4505 | D:5      | Reached skill level 1 in Invocations
  4505 | D:5      | Reached XP level 8. HP: 48/48 MP: 7/9
  4640 | D:5      | 4640 ||| DRINKING 3 coppery potions.
  4641 | D:5      | 4641 ||| DROPPING 2 potions of brilliance.
  4655 | D:6      | 4655 ||| STAIRDANCE
  4666 | D:6      | 4666 ||| STAIRDANCE
  4715 | D:6      | Reached skill level 3 in Invocations
  4887 | D:6      | 4887 ||| Stepping ~*~*~tactically~*~*~ (stealth).
  4889 | D:6      | 4889 ||| Stepping ~*~*~tactically~*~*~ (stealth).
  4891 | D:6      | 4891 ||| Stepping ~*~*~tactically~*~*~ (hiding).
  4893 | D:6      | 4893 ||| INVOKING Heroism.
  4903 | D:6      | HP: 4/48 [orc priest/divine providence (15)]
  5176 | D:6      | 5176 ||| DROPPING +0 whip.
  5205 | D:6      | Noticed a two-headed ogre
  5205 | D:6      | 5205 ||| Stepping ~*~*~tactically~*~*~ (stealth).
  5207 | D:6      | 5207 ||| Stepping ~*~*~tactically~*~*~ (stealth).
  5210 | D:6      | 5210 ||| Stepping ~*~*~tactically~*~*~ (stealth).
  5211 | D:6      | 5211 ||| INVOKING Heroism.
  5213 | D:6      | 5213 ||| Stepping ~*~*~tactically~*~*~ (stealth).
  5215 | D:6      | 5215 ||| Stepping ~*~*~tactically~*~*~ (stealth).
  5222 | D:6      | Killed a two-headed ogre
  5222 | D:6      | Reached ** piety under Okawaru
  5223 | D:6      | Reached XP level 9. HP: 20/58 MP: 10/12
  5523 | D:6      | Reached skill level 1 in Throwing
  5798 | D:6      | 5798 ||| Stepping ~*~*~tactically~*~*~ (stealth).
  5931 | D:7      | 5931 ||| INVOKING Heroism.
  6085 | D:7      | 6085 ||| INVOKING Heroism.
  6470 | D:7      | 6470 ||| Stepping ~*~*~tactically~*~*~ (hiding).
  6474 | D:7      | 6474 ||| Stepping ~*~*~tactically~*~*~ (hiding).
  6583 | D:7      | 6583 ||| DROPPING +0 flail.
  6895 | D:7      | 6895 ||| UPGRADING to +0 plate armour.
  6905 | D:7      | 6905 ||| DROPPING +0 chain mail.
  6906 | D:7      | 6906 ||| READING scroll labelled DOTU GYKHLUODWIO.
  6907 | D:7      | 6907 ||| DRINKING 2 ruby potions.
  6953 | D:7      | 6953 ||| DRINKING 2 bubbling silvery potions.
  6993 | D:8      | 6993 ||| PLANNING OSSUARY
  7022 | D:8      | 7022 ||| READING scroll of enchant weapon.
  7022 | D:8      | 7022 ||| ENCHANTING +3 vorpal broad axe.
  7074 | D:8      | 7074 ||| Stepping ~*~*~tactically~*~*~ (hiding).
  7079 | D:8      | 7079 ||| INVOKING Heroism.
  7250 | D:8      | Found a flagged portal.
  7650 | D:8      | Reached *** piety under Okawaru
  7678 | D:8      | 7678 ||| Stepping ~*~*~tactically~*~*~ (stealth).
  7681 | D:8      | Noticed Pikel
  7682 | D:8      | 7682 ||| Stepping ~*~*~tactically~*~*~ (stealth).
  7709 | D:8      | 7709 ||| INVOKING Heroism.
  7713 | D:8      | Killed Pikel
  7714 | D:8      | Reached XP level 10. HP: 64/64 MP: 10/13
  7955 | D:8      | 7955 ||| RIP OSSUARY
  7955 | D:8      | 7955 ||| PLANNING D:1-11
  7955 | D:8      | 7955 ||| DROPPING ring of flight.
  7956 | D:8      | 7956 ||| READING 2 scrolls labelled LELOTW IWKUTZ.
  7957 | D:8      | 7957 ||| READING scroll labelled COMO UZIANUET.
  7958 | D:8      | 7958 ||| DRINKING 2 fizzy sapphire potions.
  7959 | D:8      | 7959 ||| READING 3 scrolls of identify.
  7959 | D:8      | 7959 ||| IDENTIFYING smoky brown potion
  7960 | D:8      | 7960 ||| READING 2 scrolls of identify.
  7960 | D:8      | 7960 ||| IDENTIFYING fizzy purple potion
  7961 | D:8      | 7961 ||| DROPPING scroll of fog.
  7962 | D:8      | 7962 ||| DROPPING potion of invisibility.
  7963 | D:8      | 7963 ||| DROPPING potion of degeneration.
  8034 | D:9      | 8034 ||| INVOKING Heroism.
  8103 | D:9      | Noticed a two-headed ogre
  8104 | D:9      | 8104 ||| INVOKING Heroism.
  8108 | D:9      | Noticed Prince Ribbit
  8113 | D:9      | Killed a two-headed ogre
  8113 | D:9      | Received a gift from Okawaru
  8114 | D:9      | Reached skill level 6 in Armour
  8117 | D:9      | Killed Prince Ribbit
  8119 | D:9      | Noticed an orange demon
  8119 | D:9      | Noticed Amaemon
  8131 | D:9      | 8131 ||| INVOKING Heroism.
  8139 | D:9      | Killed Amaemon
  8144 | D:9      | Killed an orange demon
  8144 | D:9      | Reached **** piety under Okawaru
  8145 | D:9      | Reached skill level 9 in Axes
  8360 | D:9      | 8360 ||| DROPPING +1 vorpal flail.
  8492 | D:9      | 8492 ||| Stepping ~*~*~tactically~*~*~ (stealth).
  8494 | D:9      | 8494 ||| INVOKING Heroism.
  8496 | D:9      | 8496 ||| Stepping ~*~*~tactically~*~*~ (stealth).
  8501 | D:9      | Noticed Erolcha
  8503 | D:9      | Reached skill level 3 in Throwing
  8506 | Abyss:2  | Cast into level 2 of the Abyss (Erolcha)
  8561 | Abyss:2  | Noticed a worldbinder
  8571 | Abyss:2  | Noticed a smoke demon
  8576 | Abyss:2  | Killed a smoke demon
  8577 | Abyss:2  | Noticed a manticore
  8577 | Abyss:2  | 8577 ||| INVOKING Heroism.
  8578 | Abyss:2  | Killed a worldbinder
  8579 | Abyss:2  | Reached skill level 9 in Shields
  8579 | Abyss:2  | Reached XP level 11. HP: 59/68 MP: 11/15
  8647 | Abyss:2  | Noticed a starcursed mass
  8648 | Abyss:2  | 8648 ||| Stepping ~*~*~tactically~*~*~ (hiding).
  8650 | Abyss:2  | 8650 ||| INVOKING Heroism.
  8663 | Abyss:2  | Killed a starcursed mass
  8664 | Abyss:2  | Reached skill level 6 in Invocations
  8665 | Abyss:2  | Killed a starcursed mass
  8667 | Abyss:2  | Noticed a wretched star
  8673 | Abyss:2  | 8673 ||| Stepping ~*~*~tactically~*~*~ (hiding).
  8674 | Abyss:2  | Slain by a juggernaut zombie

Levels and vault maps discovered:
D:1:      sevenhm_arrival_forest_fort_small_5, layout_loops_ring,
          basic_ecumenical_altar, serial_glass, glass_columns_a,
          glass_columns_a, serial_shops, shop_statue, nicolae_diamond_shop, shop
D:2:      layout_loops_ring, serial_shops, shop, nicolae_shop_advertising_works
          [nicolae_subvault_shop_adworks], shop, shop, shop,
          minmay_misc_feat_alley, minmay_misc_feat_four_crosses
D:3:      layout_rooms, serial_shops, shop, nicolae_diamond_shop,
          serial_bayou_pond_e
D:4:      cheibrodos_old_hovel, layout_basic, ebering_ghost_sewer_f
D:5:      layout_cave_pools, temple_hall, kennysheep_dice, uniq_grinder
D:6:      layout_basic, st_stairs_6
D:7:      layout_loops_corners, serial_glass, glass_columns_c, glass_columns_c
D:8:      layout_loops_corners, enter_bailey_2, enter_ossuary_3, uniq_pikel
D:9:      layout_loops_ring, uniq_prince_ribbit1, uniq_erolcha, uniq_amaemon
Temple:   nicolae_temple_slightly_damp_pantheon
Abyss:2:  base:
Ossuary

Skill      XL: |  1  2  3  4  5  6  7  8  9 10 11 |
---------------+----------------------------------+-----
Axes           | 2 3 4 5 6 7 8 9 |  9.6
Shields        | 4 5 6 8 9 |  9.1
Fighting       | 4 7 |  7.7
Dodging        | 1 |  1.7
Invocations    | 1 4 5 6 |  6.3
Throwing       | 2 3 |  3.0
Armour         | 4 6 |  6.3

Action                   |  1- 3 |  4- 6 |  7- 9 | 10-12 || total
-------------------------+-------+-------+-------+-------++-------
Melee: War axe           |    87 |    80 |       |       ||   167
       Broad axe         |       |    42 |   191 |    89 ||   322
Throw: Boomerang         |       |    20 |    11 |       ||    31
       Javelin           |       |       |    21 |     3 ||    24
Invok: Heroism           |       |       |     6 |     6 ||    12
  Use: Scroll            |     2 |     6 |     5 |     4 ||    17
       Potion            |     1 |     2 |     3 |     1 ||     7
Armor: Scale mail        |    35 |    48 |       |       ||    83
       Chain mail        |       |       |    63 |       ||    63
       Plate armour      |       |       |    22 |    77 ||    99
Dodge: Dodged            |    31 |    36 |    41 |    24 ||   132
Block: Buckler           |    18 |       |       |       ||    18
       Kite shield       |       |    62 |   137 |    65 ||   264

Table legend:
 A = Non-vault XP
 B = Vault XP
 C = Vault XP percentage of total XP
 D = Non-vault monster count
 E = Vault monster count
 F = Vault count percentage of total count
                 A         B        C        D         E       F
            +---------+---------+-------+---------+---------+-------
      Total |    7702 |    2601 |  25.2 |     146 |      10 |   6.4
            +---------+---------+-------+---------+---------+-------
        D:1 |      52 |       0 |   0.0 |      29 |       0 |   0.0
        D:2 |      35 |       0 |   0.0 |      13 |       0 |   0.0
        D:3 |      99 |       0 |   0.0 |       9 |       0 |   0.0
        D:4 |     195 |       3 |   1.5 |      14 |       1 |   6.7
        D:5 |     815 |     286 |  26.0 |      23 |       2 |   8.0
        D:6 |    1555 |     196 |  11.2 |      18 |       3 |  14.3
        D:7 |     839 |       0 |   0.0 |      19 |       0 |   0.0
        D:8 |     585 |     673 |  53.5 |       7 |       1 |  12.5
        D:9 |    1549 |    1443 |  48.2 |       7 |       3 |  30.0
    Abyss:2 |    1978 |       0 |   0.0 |       7 |       0 |   0.0
            +---------+---------+-------+---------+---------+-------
